Selects Australian Defense Battlegroup
Selects Australian Light Infantry Section
Australian Light Infantry Section
Australian Light Infantry Section
Construct Section Command Post
Australian Light Infantry Section
Construct Section Command Post
Construct Platoon Command Post
Selects 2-pounder Anti-tank Gun Team
Construct Field Infirmary
Australian Light Infantry Section
Selects Vehicle Over Repair
Construct Company Command Post
2-pounder Anti-tank Gun Team
Selects CMP 15cwt Supply Run